AoeStats
← david.cc

Arabia

507595788Analyzed
1v1 RM · 13d ago on Sep 18, 2026· 32m 51s· 2 players
Game mode
Random Map
Map size
Tiny (2 player)
Population
200
Speed
Normal
Resources
Standard
Victory
Conquest
Starting age
Dark Age
Ending age
Imperial Age
RankedLock teamsTeams togetherTeam positionsShared explorationLock speedFull tech treeHidden civsTurbo modeCheats
Victory
Defeat
🇨🇴 Slavs · Colombia
787
+15
🇲🇽 Franks · Mexico
755
-15
[HsMs]_DarkOzz95_]
6:00 Loom
6:38 Loom
12:38 Feudal Age
14:38 Double-Bit Axe
15:06 Loom
25:24 Scale Barding Armor
27:29 Castle Age
27:04 Forging
28:00 Fletching
30:59 Pikeman
david.cc
5:02 Loom
10:13 Feudal Age
11:48 Double-Bit Axe
14:26 Forging
16:08 Scale Barding Armor
17:18 Horse Collar
18:13 Gold Mining
22:10 Castle Age
20:47 Scale Mail Armor
20:08 Man-at-Arms
21:54 Stone Mining
23:11 Squires
23:54 Gold Shaft Mining
24:03 Bow Saw
24:16 Husbandry
23:41 Long Swordsman
27:55 Wheelbarrow
28:57 Iron Casting
28:54 Pikeman
30:22 Bloodlines
30:10 Fletching
30:43 Chain Barding Armor
31:01 Hand Cart
33:03 Chain Mail Armor
Connection lost

Rejoining the realm…

Still unreachable

The connection could not be restored.

Session expired

The server has moved on; the page needs a fresh start.